 Dungeon Crawl Stone Soup version 0.28-a0-722-gc0678643b6 (webtiles) character file.

Game seed: 11041396345618160975

966 Crumbo the Thaumaturge (level 7, -1/36 HPs)
             Began as a Deep Elf Fire Elementalist on Oct 25, 2021.
             Was an Initiate of Vehumet.
             Killed from afar by Blork the orc (6 damage)
             ... with a magic dart
             ... on level 5 of the Dungeon.
             The game lasted 00:16:41 (4804 turns).

Crumbo the Thaumaturge (Deep Elf Fire Elementalist) Turns: 4804, Time: 00:16:42

Health: -1/36      AC:  2    Str:  5    XL:     7   Next: 93%
Magic:  10/20      EV: 13    Int: 22    God:    Vehumet [......]
Gold:   167        SH:  0    Dex: 15    Spells: 19/22 levels left

rFire   . . .      SeeInvis .   (no weapon)
rCold   . . .      Faith    .   (no shield)
rNeg    . . .      Spirit   .   a - +0 robe
rPois   .          Reflect  .   (no helmet)
rElec   .          Harm     .   (no cloak)
rCorr   .          Rampage  .   (no gloves)
Will    .....                   (no boots)
Stlth   +++.......              (no amulet)
HPRegen 0.12/turn               (no ring)
MPRegen 0.17/turn               (no ring)

@: no status effects
A: no striking features
a: Renounce Religion


You were on level 5 of the Dungeon.
You worshipped Vehumet.
Vehumet was noncommittal.
You visited 1 branch of the dungeon, and saw 5 of its levels.

You collected 167 gold pieces.

Inventory:

Armour
 a - a +0 robe (worn)
Wands
 g - a wand of mindburst (8)
 m - a wand of flame (7)
Scrolls
 c - 3 scrolls of magic mapping
 d - 2 scrolls of fog {unknown}
 f - 4 scrolls of identify {unknown}
 j - a scroll of teleportation {unknown}
 l - a scroll of amnesia {unknown}
Potions
 b - a potion of lignification {unknown}
 e - a potion of heal wounds {unknown}
 h - 2 potions of resistance {unknown}
 i - a potion of brilliance {unknown}
 k - a potion of attraction {unknown}


   Skills:
 + Level 3.5 Dodging
 + Level 3.7 Stealth
 + Level 8.2 Spellcasting
 + Level 2.8 Conjurations
 + Level 6.9 Fire Magic
 + Level 1.0 Evocations


You had 19 spell levels left.
You knew the following spells:

 Your Spells              Type           Power      Damage    Failure   Level
a - Foxfire               Conj/Fire      100%       2x1d9     1%          1
b - Scorch                Fire           78%        2d8       1%          2

Your spell library contained the following spells:

 Spells                   Type           Power      Damage    Failure   Level
 Conjure Flame            Conj/Fire      30%        6-21      3%          3
 Inner Flame              Hex/Fire       24%        N/A       5%          3
 Flame Wave               Conj/Fire      30%        3d7       10%         4
 Ensorcelled Hibernation  Hex/Ice        18%        N/A       11%         2
 Tukima's Dance           Hex            9%         N/A       22%         3


Dungeon Overview and Level Annotations

Branches:
Dungeon (5/15)
 Temple: D:4-7

Altars:
Nemelex Xobeh
Okawaru
Ru
Vehumet
The Shining One

Shops:
D:1 (

Annotations:
D:5 Blork the orc


Message History

You hear an angry hiss. x2
Casting: Scorch (safe; 1% risk of failure)
Confirm with . or Enter, or press ? or * to list all spells.
You conjure some foxfire!
The foxfire hits the orc priest.
The orc priest is lightly wounded.
Casting: Foxfire (safe; 1% risk of failure)
Confirm with . or Enter, or press ? or * to list all spells.
You conjure some foxfire!
The foxfire hits the orc priest!
The orc priest is severely wounded.
The foxfire hits the orc priest.
The orc priest is almost dead.
The foxfire hits the goblin!
You kill the goblin!
Vehumet accepts your kill.
The orc priest mumbles some strange prayers to Beogh against you.
Beogh smites you!
Blork the orc miscasts a cantrip.
Casting: Foxfire (safe; 1% risk of failure)
Confirm with . or Enter, or press ? or * to list all spells.
You conjure some foxfire!
The orc priest mumbles some strange prayers to Beogh against you.
Pain shoots through your body!
* * * LOW HITPOINT WARNING * * *
Your foxfire dissipates!
The foxfire hits the orc priest.
The orc priest is almost dead.
Casting: Foxfire (safe; 1% risk of failure)
Confirm with . or Enter, or press ? or * to list all spells.
Flames lash the orc priest.
You kill the orc priest!
Vehumet accepts your kill.
Casting: Scorch (safe; 1% risk of failure)
Confirm with . or Enter, or press ? or * to list all spells.
You conjure some foxfire!
Your foxfire dissipates!
The foxfire hits Blork the orc.
Blork the orc is lightly wounded.
Blork the orc gestures at you while chanting.
The magic dart hits you.
You die...

#..........# #
####.#..###...#
#......##.##..##
#.##..##.^.##..##
#.#..##.^_..##..##
#...##...^...##..#
#..##..^......##.#
#..#...#####^..#.#
#.@##^'#.#.#'.##.#
##..###..#ยง.###..#
##..o.)###.)...##
#####.....#.###
#######g#####
#.o.go. #######


You could see Blork the orc.

Vanquished Creatures
  Menkaure (D:5)
  An ice beast (D:4)
  An ogre (D:5)
  A centaur (D:5)
  2 scorpions (D:4)
  A water moccasin skeleton (D:5)
  A crimson imp (D:3)
  A hound (D:4)
  A centaur skeleton (D:4)
  An orc priest (D:5)
  2 jellies (D:4)
  An iguana (D:5)
  Jessica (D:3)
  2 orc wizards
  7 adders
  A worm (D:4)
  A dart slug (D:4)
  4 orcs
  7 endoplasms
  A giant cockroach (D:3)
  3 goblins
  7 hobgoblins
  2 quokkas
  6 ball pythons
  5 bats
  5 frilled lizards
  A hobgoblin zombie (D:3)
  2 kobolds
  A kobold skeleton (D:3)
  3 kobold zombies (D:3)
  An orc skeleton (D:3)
  An orc zombie (D:3)
  2 rats (D:1)
77 creatures vanquished.

Vanquished Creatures (others)
  161 foxfires
  5 plants (D:4)
166 creatures vanquished.

Grand Total: 243 creatures vanquished

Notes
Turn   | Place    | Note
-------+----------+-------------------------------------------
     0 | D:1      | Crumbo the Deep Elf Fire Elementalist began the quest for
                  | the Orb.
     0 | D:1      | Reached XP level 1. HP: 10/10 MP: 6/6
   346 | D:1      | Found Ycytsac's Antique Weapon Boutique.
   400 | D:1      | Reached XP level 2. HP: 15/15 MP: 4/8
   862 | D:1      | Found a faded altar of an unknown god.
  2282 | D:2      | Reached XP level 3. HP: 17/19 MP: 6/10
  2693 | D:3      | Noticed Jessica
  2697 | D:3      | Killed Jessica
  2698 | D:3      | Reached skill level 4 in Spellcasting
  2708 | D:3      | Learned a level 2 spell: Scorch
  2726 | D:3      | Reached XP level 4. HP: 24/24 MP: 7/12
  3106 | D:3      | Found a glowing golden altar of the Shining One.
  3474 | D:4      | Noticed an ice beast
  3512 | D:4      | Killed an ice beast
  3513 | D:4      | Reached skill level 5 in Spellcasting
  3513 | D:4      | Reached XP level 5. HP: 28/28 MP: 7/14
  3570 | D:4      | Reached skill level 5 in Fire Magic
  3570 | D:4      | Reached XP level 6. HP: 27/32 MP: 5/16
  3889 | D:4      | Reached skill level 6 in Spellcasting
  3946 | D:4      | Reached skill level 1 in Evocations
  4222 | D:4      | Found an iron altar of Okawaru.
  4230 | D:4      | Found a radiant altar of Vehumet.
  4254 | D:4      | Became a worshipper of Vehumet
  4300 | D:4      | Reached XP level 7. HP: 36/36 MP: 15/18
  4484 | D:5      | Entered Level 5 of the Dungeon
  4488 | D:5      | Reached skill level 7 in Spellcasting
  4712 | D:5      | Found a sparkling altar of Nemelex Xobeh.
  4747 | D:5      | Noticed Menkaure
  4756 | D:5      | Found a sacrificial altar of Ru.
  4761 | D:5      | Killed Menkaure
  4762 | D:5      | Reached skill level 8 in Spellcasting
  4771 | D:5      | Noticed Blork the orc
  4804 | D:5      | Killed from afar by Blork the orc

Illustrated notes

Levels and vault maps discovered:
D:1:      tarquinn_simple_flora_water_b, layout_loops_corners, serial_shops,
          shop, shapermc_ecumenical_altar_petra
D:2:      layout_basic
D:3:      layout_loops_ring, nicolae_tso_besieged_by_evil, uniq_jessica
D:4:      layout_rooms, mainiacjoe_overflow_catwalk_spiral, serial_bayou_pond_c
D:5:      layout_basic, nicolae_ru_great_annihilating_truth,
          nemelex_spade_bored_becter, chequers_serial_rivers_room_a,
          uniq_blork_the_orc, uniq_menkaure, uniq_sigmund

Skill      XL: |  1  2  3  4  5  6  7 |
---------------+----------------------+-----
Stealth        | 3 |  3.7
Spellcasting   | 4 5 6 8 |  8.2
Fire Magic     | 4 5 6 |  6.9
Conjurations   | 2 |  2.8
Dodging        | 3 |  3.5
Evocations     | 1 |  1.0

Action                   |  1- 3 |  4- 6 |  7- 9 || total
-------------------------+-------+-------+-------++-------
Melee: Unarmed           |    14 |    23 |       ||    37
 Cast: Foxfire           |    40 |    33 |    20 ||    93
       Scorch            |     2 |    38 |     9 ||    49
Evoke: Wand              |       |     4 |       ||     4
  Use: Scroll            |       |     1 |       ||     1
 Stab: Sleeping          |     2 |       |       ||     2
Armor: Robe              |    10 |    14 |       ||    24
Dodge: Dodged            |    23 |    30 |     4 ||    57

Table legend: (Time is in decaauts)
 A = Elapsed time spent in this place.
 B = Non-inter-level travel time spent in this place.
 C = Inter-level travel time spent in this place.
 D = Time resting spent in this place.
 E = Time spent auto-exploring this place.
 F = Levels seen in this place.
 G = Mean time per level.
                   A        B        C        D        E       F      G
               +--------+--------+--------+--------+--------+-----+--------+
         Total |   4809 |   4809 |      0 |    119 |   3626 |   5 |  961.8 |
       Dungeon |   4809 |   4809 |      0 |    119 |   3626 |   5 |  961.8 |
               +--------+--------+--------+--------+--------+-----+--------+

Top non-repeatable levels by time:
     D:1: 1301 daAuts
     D:2: 1157 daAuts
     D:4: 1034 daAuts
     D:3: 996 daAuts
     D:5: 319 daAuts
